 Dungeon Crawl Stone Soup version 0.26.1-11-gd32895ea62 (webtiles) character file.

Game seed: 16656517825757410623

194 buriedalive the Skirmisher (level 5, -12/48 HPs)
             Began as a Minotaur Fighter on June 21, 2021.
             Mangled by an ogre
             ... wielding a +0 giant spiked club
              (18 damage)
             ... on level 4 of the Dungeon.
             The game lasted 00:02:16 (1575 turns).

buriedalive the Skirmisher (Minotaur Fighter)       Turns: 1575, Time: 00:02:17

Health: -12/48     AC:  7    Str: 22    XL:     5   Next: 44%
Magic:  4/4        EV:  7    Int:  5    God:
Gold:   86         SH:  9    Dex:  9    Spells: 4/4 levels left

rFire    . . .     SeeInvis .   a - +0 flail
rCold    . . .     Faith    .   c - +0 kite shield
rNeg     . . .     Spirit   .   b - +0 scale mail
rPois    .         Reflect  .   (helmet restricted)
rElec    .         Harm     .   r - scarf {repulsion}
rCorr    .         Rampage  .   (no gloves)
Will     .....                  (no boots)
Stlth    ..........             (no amulet)
HPRegen  0.16/turn              (no ring)
MPRegen  0.09/turn              (no ring)

@: repel missiles
A: retaliatory headbutt, horns 2
a: no special abilities


You were on level 4 of the Dungeon.
You visited 1 branch of the dungeon, and saw 3 of its levels.

You collected 86 gold pieces.

Inventory:

Hand Weapons
 a - a +0 flail (weapon)
Missiles
 q - 31 arrows
Armour
 b - a +0 scale mail (worn)
 c - a +0 kite shield (worn)
 r - a scarf of repulsion (worn)
Scrolls
 g - a scroll of magic mapping {unknown}
 i - 2 scrolls of identify {unknown}
 k - 2 scrolls of blinking {unknown}
 n - a scroll of enchant armour {unknown}
 o - a scroll of teleportation {unknown}
 p - 3 scrolls of remove curse {unknown}
Potions
 d - a potion of might
 e - a potion of magic {unknown}
 f - 2 potions of curing {unknown}
 h - 2 potions of attraction {unknown}
 j - a potion of flight {unknown}
 l - a potion of lignification {unknown}
 m - a potion of brilliance {unknown}


   Skills:
 + Level 5.2 Fighting
 + Level 4.4 Maces & Flails
 + Level 5.2 Armour
 - Level 3.6 Shields


You had 4 spell levels left.
You didn't know any spells.
Your spell library was empty.

Dungeon Overview and Level Annotations

Branches:
Dungeon (2/15)

Altars:
Elyvilon

Shops:
D:4 (


Innate Abilities, Weirdness & Mutations

You reflexively headbutt those who attack you in melee.
You have a pair of horns on your head.


Message History

You start putting on your armour.
You continue putting on your glowing scarf. x4
You finish putting on your scarf of repulsion.
You are surrounded by a repulsion field.
An ogre comes into view. It is wielding a +0 giant spiked club.
Found a stone staircase leading up.
There is an open door here.
You sock the ogre! You headbutt the ogre.
The ogre is heavily wounded.
The ogre hits you with a +0 giant spiked club!!
You hit the ogre.
The ogre is severely wounded.
The ogre hits you with a +0 giant spiked club!!
* * * LOW HITPOINT WARNING * * *
You are too injured to fight recklessly!
You are too injured to fight recklessly!
You hit the ogre but do no damage.
The ogre is severely wounded.
The ogre hits you with a +0 giant spiked club!!
You die...

#_.......)....# .
##........)#..# #.
##...#...##..# ##'#
##########.## ##...# #.#
#..# #.....# ####.# ####
.......## ##.##.#######
.<......####...#.#......
......O@'......†...#####
........####...#.###
.......## ##.##.#
#.....# ####.# ##...#
#.# ##'# #.# ... #.# .#
#.#


You could see an ogre.

Vanquished Creatures
  A gnoll shaman (D:4)
  An orc priest (D:2)
  A worker ant (D:4)
  3 gnolls (D:4)
  4 adders
  A worm (D:4)
  2 leopard geckos
  4 orcs (D:2)
  6 bats
  2 giant cockroaches
  3 goblins
  5 hobgoblins
  A quokka (D:2)
  2 frilled lizards
  7 kobolds
  2 rats
45 creatures vanquished.

Notes
Turn   | Place    | Note
-------+----------+-------------------------------------------
     0 | D:1      | buriedalive the Minotaur Fighter began the quest for the
                  | Orb.
     0 | D:1      | Reached XP level 1. HP: 19/19 MP: 0/0
   337 | D:1      | Reached XP level 2. HP: 27/27 MP: 1/1
  1129 | D:2      | Reached XP level 3. HP: 30/34 MP: 2/2
  1243 | D:2      | Reached XP level 4. HP: 41/41 MP: 3/3
  1296 | D:2      | You fall into a shaft and drop 2 floors!
  1300 | D:4      | Found Fisuqyl's Weapon Boutique.
  1471 | D:4      | Reached skill level 5 in Fighting
  1476 | D:4      | Reached skill level 5 in Armour
  1476 | D:4      | Reached XP level 5. HP: 44/48 MP: 4/4
  1480 | D:4      | Found a white marble altar of Elyvilon.
  1569 | D:4      | Noticed an ogre
  1575 | D:4      | Mangled by an ogre

Illustrated notes

Levels and vault maps discovered:
D:1:      dpeg_arrival_rooms_b, layout_basic, minmay_pentomino_q2
D:2:      minmay_door_path, layout_basic, minmay_fractal_squares_5
D:4:      layout_loops_corners, marbit_many_paths, serial_shops, shop,
          lightli_sewer_entry_pipes, corner_web_ring, uniq_duvessa

Skill      XL: |  1  2  3  4 |
---------------+-------------+-----
Fighting       | 4 5 |  5.2
Armour         | 4 5 |  5.2
Maces & Flails | 3 4 |  4.4
Shields        | |  3.6

Action                   |  1- 3 |  4- 6 || total
-------------------------+-------+-------++-------
Melee: Flail             |    72 |    51 ||   123
       Headbutt          |     2 |    11 ||    13
Armor: Scale mail        |    32 |    13 ||    45
Dodge: Dodged            |    19 |    14 ||    33
Block: Kite shield       |    39 |    22 ||    61
